 Dungeon Crawl Stone Soup version 0.27.1-3-gb3d3a73c9e (webtiles) character file.

Game seed: 15496954668404951050

9 H0rd4k the Charlatan (level 2, -3/21 HPs)
             Began as a Human Artificer on Oct 26, 2021.
             Slain by Natasha (5 damage)
             ... on level 2 of the Dungeon.
             The game lasted 00:03:23 (1051 turns).

H0rd4k the Charlatan (Human Artificer)              Turns: 1051, Time: 00:03:24

Health: -3/21      AC:  3    Str: 12    XL:     2   Next: 25%
Magic:  2/2        EV: 11    Int: 11    God:
Gold:   79         SH:  0    Dex: 13    Spells: 1/1 levels left

rFire    . . .     SeeInvis .   j - +0 dagger
rCold    . . .     Faith    .   (no shield)
rNeg     . . .     Spirit   .   b - +0 leather armour
rPois    .         Reflect  .   (no helmet)
rElec    .         Harm     .   (no cloak)
rCorr    .         Rampage  .   (no gloves)
Will     .....                  (no boots)
Stlth    +.........             (no amulet)
HPRegen  0.07/turn              (no ring)
MPRegen  0.08/turn              (no ring)

@: no status effects
A: no striking features
a: no special abilities


You were on level 2 of the Dungeon.
You visited 1 branch of the dungeon, and saw 2 of its levels.

You collected 79 gold pieces.

Inventory:

Hand Weapons
 j - a +0 dagger (weapon)
Armour
 b - a +0 leather armour (worn)
Wands
 c - a wand of flame (10) (quivered)
 d - a wand of charming (10)
Scrolls
 a - a scroll of amnesia {unknown}
 f - a scroll of identify {unknown}
 i - a scroll of immolation {unknown}
Potions
 g - a potion of attraction {unknown}
 h - a potion of might
 k - a potion of heal wounds {unknown}
Miscellaneous
 e - a piece from Xom's chessboard (15/15)


   Skills:
 + Level 1.0 Fighting
 - Level 2.0 Armour
 + Level 1.0 Dodging
 - Level 1.0 Stealth
 + Level 3.6 Evocations


You had one spell level left.
You didn't know any spells.
Your spell library contained the following spells:

 Spells                   Type           Power      Damage    Failure   Level
 Corpse Rot               Necr/Air       N/A        N/A       56%         2
 Poisonous Vapours        Pois/Air       0%         N/A       56%         2
 Freezing Cloud           Conj/Ice/Air   0%         6-21      100%        5


Dungeon Overview and Level Annotations

Branches:
Dungeon (2/15)

Altars:
Uskayaw

Shops:
D:1 (

Annotations:
D:2 Natasha


Message History

You kill the rat!
Natasha wildly gestures.
Natasha shimmers violently.
You hit the shadow imp.
The shadow imp is moderately wounded.
The crimson imp blinks!
You hit the shadow imp.
The shadow imp is heavily wounded.
The shadow imp gestures at you. Pain shoots through your body!
Ouch! That really hurt!
* * * LOW HITPOINT WARNING * * *
Aiming: Charm
Press: ? - help, Shift-Dir - straight line, f - shadow imp
Aim: a shadow imp (heavily wounded, summoned, chance to affect: 65%)
The shadow imp struggles to resist.
The shadow imp misses you.
Unknown command.
Aiming: Charm
Press: ? - help, Shift-Dir - straight line, f/p - shadow imp
Aim: a shadow imp (heavily wounded, summoned, chance to affect: 65%)
The shadow imp is charmed.
Natasha stares at you and mumbles some strange words.
Your shadow imp resists with significant effort.
Your shadow imp closely misses Natasha.
Natasha casts a spell at you. The magic dart hits your shadow imp!
Your shadow imp dies!
Aiming: Throw Flame
Press: ? - help, Shift-Dir - straight line, f - Natasha
Aim: Natasha (64% to hit)
The puff of flame hits Natasha!
Natasha is severely wounded.
Unknown command.
Aiming: Throw Flame
Press: ? - help, Shift-Dir - straight line, f/p - Natasha
Aim: Natasha (severely wounded, 64% to hit)
The puff of flame misses Natasha.
The puff of flame hits the endoplasm!
You kill the endoplasm!
Natasha claws you.
You die...

#.#
#.#
#g#
#.#
#5#
#†#
#.#
#h#
#@#
#.#
#.#
#.#
#.#
#.#.#
#.#.#
#.#.#
#.#.#


You could see Natasha, a white imp (summoned) and a goblin.

Vanquished Creatures
  An endoplasm (D:2)
  A goblin (D:1)
  3 hobgoblins (D:1)
  A jackal (D:2)
  A kobold (D:1)
  A frilled lizard (D:1)
  2 rats
10 creatures vanquished.

Vanquished Creatures (others)
  An endoplasm (D:1)
  A goblin (D:1)
  3 plants (D:2)
5 creatures vanquished.

Grand Total: 15 creatures vanquished

Notes
Turn   | Place    | Note
-------+----------+-------------------------------------------
     0 | D:1      | H0rd4k the Human Artificer began the quest for the Orb.
     0 | D:1      | Reached XP level 1. HP: 15/15 MP: 1/1
   471 | D:1      | Found Halejof's Antique Weapon Emporium.
   483 | D:1      | Reached XP level 2. HP: 9/21 MP: 2/2
   665 | D:1      | Found a hide-covered altar of Uskayaw.
   844 | D:1      | Found a faded altar of an unknown god.
  1014 | D:2      | Noticed Natasha
  1022 | D:2      | Noticed a crimson imp
  1035 | D:2      | Noticed a crimson imp
  1045 | D:2      | HP: 1/21 [shadow imp/nerve-wracking pain[Natasha] (12)]
  1051 | D:2      | Slain by Natasha

Illustrated notes

Levels and vault maps discovered:
D:1:      tarquinn_simple_flora_water_d, layout_rooms,
          shapermc_ecumenical_altar_petra, serial_shops, shop,
          minmay_hexomino_r4
D:2:      layout_rooms, serial_bayou_lake_a, uniq_natasha

Action                   || total
-------------------------++-------
Melee: Club              ||    22
       Dagger            ||    30
Evoke: Wand              ||    10
 Stab: Sleeping          ||     1
Armor: Leather armour    ||    19
Dodge: Dodged            ||    26
